[Event "Titled Tuesday Blitz May 2 Early 2023"]
[White "Martinez Alcantara, Jose Eduardo"]
[Black "Golichenko, Ilija"]
[WhiteFideId "3805662"]
[BlackFideId "14117223"]
[WhiteElo "2711"]
[BlackElo "2339"]
[Result "1-0"]
[Round "02"]
[TimeControl "180+2"]
[Date "2023.05.02"]
[WhiteClock "0:00:48"]
[BlackClock "0:00:05"]

1. e4 Nf6 2. e5 Nd5 3. Nc3 e6 4. Nf3 d6 5. d4 c5 6. exd6 Nxc3 7. bxc3 Bxd6 8. Bd3 h6 9. Qe2 O-O 10. O-O Nc6 11. Qe4 f5 12. Qe2 Qf6 13. Be3 f4 14. dxc5 Bc7 15. Bd2 e5 16. Rab1 Rb8 17. h3 Bf5 18. Rfe1 Rfd8 19. Be4 Qf7 20. a4 Bxe4 21. Qxe4 Qd5 22. c4 Qxc5 23. Rb5 Qa3 24. Reb1 Bb6 25. c5 Bc7 26. Qc4+ Kh7 27. Bc3 Nd4 28. Bxd4 exd4 29. Nxd4 Be5 30. Nf3 Qd3 31. cxd3 1-0


[Site "https://www.chess.com"]

[Event "Titled Tuesday Blitz May 2 Early 2023"]
[White "Bruedigam, Martin"]
[Black "Duda, Jan-Krzysztof"]
[WhiteFideId "24608033"]
[BlackFideId "1170546"]
[WhiteElo "2331"]
[BlackElo "2790"]
[Result "0-1"]
[Round "02"]
[TimeControl "180+2"]
[Date "2023.05.02"]
[WhiteClock "0:00:13"]
[BlackClock "0:00:21"]

1. d4 g6 2. e4 Bg7 3. Nf3 d6 4. Bc4 e6 5. Bb3 Ne7 6. c3 Nd7 7. O-O b6 8. h3 Bb7 9. Re1 a6 10. Bf4 h6 11. Nbd2 g5 12. Bh2 Ng6 13. e5 dxe5 14. dxe5 Nc5 15. Bc2 Nd3 16. Re3 Ndf4 17. Bxf4 Nxf4 18. Be4 Nd5 19. Rd3 Qc8 20. g3 b5 21. Qe2 c5 22. c4 Nb4 23. Bxb7 Qxb7 24. Ne4 O-O 25. Nd6 Qe7 26. Rd2 f5 27. a3 Nc6 28. cxb5 axb5 29. Qxb5 Nxe5 30. Nxe5 Bxe5 31. Qxc5 Bg7 32. Re1 Ra6 33. b4 Rxa3 34. b5 Rc3 35. Qe3 Rxe3 36. Rxe3 f4 0-1


[Site "https://www.chess.com"]

[Event "Titled Tuesday Blitz May 2 Early 2023"]
[White "Sarana, Alexey"]
[Black "Malek, Jan"]
[WhiteFideId "24133795"]
[BlackFideId "21864080"]
[WhiteElo "2714"]
[BlackElo "2255"]
[Result "1-0"]
[Round "02"]
[TimeControl "180+2"]
[Date "2023.05.02"]
[WhiteClock "0:00:00"]
[BlackClock "0:00:00"]

1. d4 d5 2. c4 e6 3. Nc3 Nf6 4. cxd5 exd5 5. Bg5 Be7 6. e3 h6 7. Bf4 c6 8. Bd3 O-O 9. h3 Bd6 10. Bxd6 Qxd6 11. Nf3 Re8 12. Qc2 Nbd7 13. O-O a5 14. a3 Qe7 15. Rab1 Ne4 16. Bxe4 dxe4 17. Nd2 Nf6 18. Na4 Bf5 19. Qc5 Qe6 20. Kh2 Nd7 21. Qc2 Qd6+ 22. Kh1 h5 23. f4 b5 24. Nc3 Nf6 25. Rbc1 Ra6 26. Nb3 Nd7 27. Ne2 Be6 28. Nc5 Nxc5 29. Qxc5 Qxc5 30. Rxc5 Bc4 31. Re1 g6 32. f5 Kg7 33. Nf4 Bb3 34. Rec1 Bc4 35. fxg6 fxg6 36. Rg5 Bf7 37. Rcc5 Kh6 38. h4 b4 39. a4 b3 40. Kh2 Rb6 41. Rxa5 Rb4 42. Ra7 Rf8 43. Rc5 Rc4 44. Rxf7 1-0


[Site "https://www.chess.com"]

[Event "Titled Tuesday Blitz May 2 Early 2023"]
[White "Bortnyk, Olexandr"]
[Black "Domingo Nunez, Ruben"]
[WhiteFideId "14120828"]
[BlackFideId "22245570"]
[WhiteElo "2734"]
[BlackElo "2404"]
[Result "1-0"]
[Round "02"]
[TimeControl "180+2"]
[Date "2023.05.02"]
[WhiteClock "0:01:04"]
[BlackClock "0:00:40"]

1. e4 Nc6 2. Nf3 Nf6 3. e5 Nd5 4. d4 Nb6 5. d5 Nb8 6. c4 d6 7. Nc3 Bg4 8. h3 Bxf3 9. Qxf3 dxe5 10. c5 N6d7 11. Be3 c6 12. Bc4 Nf6 13. O-O-O Qc7 14. g4 e4 15. Nxe4 Nxe4 16. Qxe4 cxd5 17. Rxd5 e6 18. Bf4 Qc8 19. Bxb8 Bxc5 20. Bd6 Bxd6 21. Rxd6 O-O 22. Kb1 Qc5 23. Rd2 b5 24. Bd3 1-0


[Site "https://www.chess.com"]

[Event "Titled Tuesday Blitz May 2 Early 2023"]
[White "Ismagilov, Damir"]
[Black "Le, Tuan Minh"]
[WhiteFideId "34199982"]
[BlackFideId "12401153"]
[WhiteElo "2078"]
[BlackElo "2566"]
[Result "0-1"]
[Round "02"]
[TimeControl "180+2"]
[Date "2023.05.02"]
[WhiteClock "0:00:05"]
[BlackClock "0:00:09"]

1. d4 d5 2. Nf3 Nf6 3. Bg5 Ne4 4. Bf4 c5 5. e3 Nc6 6. Nbd2 cxd4 7. exd4 Bf5 8. c3 e6 9. Nxe4 Bxe4 10. Bd3 Bg6 11. O-O Bd6 12. Bxd6 Qxd6 13. Re1 O-O 14. Bxg6 hxg6 15. Ng5 Qf4 16. Nh3 Qf6 17. Qg4 Qf5 18. Qh4 Qh5 19. Qg3 b5 20. a3 a5 21. Rac1 b4 22. axb4 axb4 23. Qe3 Rfc8 24. Nf4 Qf5 25. Nd3 bxc3 26. bxc3 Na5 27. Ne5 Nc4 28. Qg3 Nxe5 29. Rxe5 Qc2 30. Qe3 Qxc3 31. Rf1 Qb2 32. h4 Ra4 33. h5 gxh5 34. Rxh5 Qxd4 35. Qh3 g6 36. Rh6 Rc2 37. Rxg6+ fxg6 38. Qxe6+ Kg7 39. Qe7+ Kh6 40. Qf8+ Qg7 41. Qe8 Re4 42. Qd8 Rd2 43. Qa8 Qe5 44. Rb1 Re1+ 45. Rxe1 Qxe1+ 46. Kh2 Qe5+ 47. Kg1 Rd1# 0-1


[Site "https://www.chess.com"]

[Event "Titled Tuesday Blitz May 2 Early 2023"]
[White "Erigaisi Arjun"]
[Black "Lenaerts, Lennert"]
[WhiteFideId "35009192"]
[BlackFideId "211435"]
[WhiteElo "2737"]
[BlackElo "2334"]
[Result "0-1"]
[Round "02"]
[TimeControl "180+2"]
[Date "2023.05.02"]
[WhiteClock "0:00:00"]
[BlackClock "0:00:00"]

1. b3 e5 2. Bb2 Nc6 3. e3 Nf6 4. Bb5 Bd6 5. Nf3 e4 6. Nd4 a6 7. Be2 Nxd4 8. Bxd4 Qe7 9. Nc3 Be5 10. Bxe5 Qxe5 11. f4 exf3 12. Bxf3 d5 13. O-O O-O 14. Ne2 c5 15. Qe1 Bf5 16. Rc1 Bg6 17. Qg3 Qb2 18. Nf4 Rad8 19. Nxg6 hxg6 20. Qc7 Qxa2 21. Qxb7 Qa5 22. Rf2 Rd6 23. Rcf1 Re8 24. h4 d4 25. exd4 cxd4 26. Bd5 Qxd5 27. Qxd5 Rxd5 28. Ra1 Re6 29. Ra4 Rc6 30. d3 Rdc5 31. Rc4 Rxc4 32. dxc4 Re6 33. Rd2 Re4 34. Kf2 Ng4+ 35. Kf3 f5 36. Rd1 Ne5+ 37. Kf2 Nc6 38. Ra1 a5 39. g3 Re3 40. Rd1 Rc3 41. Rd2 Kf7 42. Kg2 Ke6 43. Re2+ Kd6 44. Rf2 Nb4 45. h5 Rxc2 46. hxg6 Rxf2+ 47. Kxf2 Nd3+ 48. Ke2 Nc5 49. Kd2 Nxb3+ 0-1


[Site "https://www.chess.com"]

[Event "Titled Tuesday Blitz May 2 Early 2023"]
[White "Nguyen, Ngoc Truong Son"]
[Black "Baskin, Robert"]
[WhiteFideId "12401110"]
[BlackFideId "24662402"]
[WhiteElo "2556"]
[BlackElo "2472"]
[Result "0-1"]
[Round "02"]
[TimeControl "180+2"]
[Date "2023.05.02"]
[WhiteClock "0:00:03"]
[BlackClock "0:00:01"]

1. b3 Nf6 2. Bb2 g6 3. g3 Bg7 4. Bg2 d5 5. Nf3 c5 6. O-O O-O 7. c4 d4 8. e3 Nc6 9. exd4 cxd4 10. d3 Re8 11. a3 a5 12. Nbd2 Nd7 13. Ne1 e5 14. Ne4 Qc7 15. c5 Bf8 16. Rc1 f5 17. Ng5 Nxc5 18. Bd5+ Ne6 19. f4 h6 20. Ngf3 exf4 21. Nh4 Kh7 22. Neg2 fxg3 23. Nxg6 gxh2+ 24. Kh1 Bd6 25. N6h4 Ng7 26. Bxd4 Qe7 27. Bxg7 Qxg7 28. Qh5 Re5 29. Bxc6 bxc6 30. d4 Rd5 31. Ne3 Be6 32. Nexf5 Rxf5 33. Rxf5 Rg8 34. Rff1 Bd5+ 0-1


[Site "https://www.chess.com"]

[Event "Titled Tuesday Blitz May 2 Early 2023"]
[White "Nikologorskiy, Konstantin"]
[Black "Shimanov, Aleksandr"]
[WhiteFideId "24111708"]
[BlackFideId "4198603"]
[WhiteElo "2293"]
[BlackElo "2631"]
[Result "0-1"]
[Round "02"]
[TimeControl "180+2"]
[Date "2023.05.02"]
[WhiteClock "0:00:00"]
[BlackClock "0:00:00"]

1. d4 d5 2. c4 c6 3. Nf3 Nf6 4. Nc3 dxc4 5. a4 Bf5 6. e3 e6 7. Bxc4 Bb4 8. O-O Nbd7 9. Qe2 Bg6 10. Bd2 O-O 11. Rfd1 a5 12. h3 Qc7 13. Rac1 Rfe8 14. Be1 Rad8 15. Bd3 Qb8 16. Bxg6 hxg6 17. e4 e5 18. d5 Nc5 19. Ng5 Nb3 20. Rb1 Nd4 21. Qe3 cxd5 22. Nxd5 Nxd5 23. exd5 Bxe1 24. Rxe1 Rxd5 25. Qg3 Rdd8 26. Qh4 Nf5 27. Qh7+ Kf8 28. g4 Nh6 29. Qh8+ Ng8 30. Nh7+ Ke7 31. Qxg7 Rd5 32. Ng5 Rf8 33. Rbd1 Rxd1 34. Rxd1 Nf6 35. Re1 Qd6 36. Ne4 Nxe4 37. Rxe4 Ke6 38. f4 Qd1+ 39. Kf2 Qd2+ 40. Kf3 Qd1+ 41. Re2 Qf1+ 42. Ke3 Qxf4+ 43. Kd3 Rd8+ 44. Kc2 Qc4+ 45. Kb1 Rd1# 0-1


[Site "https://www.chess.com"]

[Event "Titled Tuesday Blitz May 2 Early 2023"]
[White "Terry, Renato"]
[Black "Jia, Haoxiang"]
[WhiteFideId "3803457"]
[BlackFideId "8602999"]
[WhiteElo "2575"]
[BlackElo "2331"]
[Result "0-1"]
[Round "02"]
[TimeControl "180+2"]
[Date "2023.05.02"]
[WhiteClock "0:00:05"]
[BlackClock "0:00:30"]

1. Nf3 Nf6 2. b4 e6 3. b5 c5 4. e3 d5 5. Bb2 Be7 6. c4 O-O 7. Be2 a6 8. a4 axb5 9. axb5 Rxa1 10. Bxa1 Nbd7 11. O-O Nb6 12. Na3 d4 13. Qc2 Qc7 14. Rc1 e5 15. exd4 exd4 16. d3 Bf5 17. Nb1 Bd6 18. Nbd2 Re8 19. Bf1 Bf4 20. g3 Bh6 21. Re1 Ra8 22. Bb2 Ng4 23. Ne4 Nd7 24. Nh4 g6 25. Nxf5 gxf5 26. Nd2 f4 27. Nf3 fxg3 28. hxg3 Ra2 29. Ra1 Rxa1 30. Bxa1 Nde5 31. Nxe5 Nxe5 32. Be2 Qa5 33. Bb2 Qe1+ 34. Kg2 Bd2 35. Bh5 f5 36. b6 Kg7 37. Ba3 Kh6 38. Bd1 f4 39. gxf4 Ng6 40. Bc1 Nxf4+ 41. Kf3 Qh1+ 42. Kg4 Qh5+ 43. Kg3 Qh3# 0-1


[Site "https://www.chess.com"]

[Event "Titled Tuesday Blitz May 2 Early 2023"]
[White "Jeet, Jain"]
[Black "Pranesh M"]
[WhiteFideId "5073022"]
[BlackFideId "35028600"]
[WhiteElo "2067"]
[BlackElo "2437"]
[Result "1-0"]
[Round "02"]
[TimeControl "180+2"]
[Date "2023.05.02"]
[WhiteClock "0:02:19"]
[BlackClock "0:02:30"]

1. Nf3 Nf6 2. g3 d5 3. d3 Bf5 4. Bg2 e6 5. O-O h6 6. b3 Nbd7 7. Bb2 Bd6 8. Nbd2 O-O 9. Re1 Bh7 10. e4 dxe4 11. dxe4 Be7 12. e5 Nd5 13. a3 c5 14. c4 N5b6 15. Ne4 a5 16. a4 Nb8 17. Qe2 Nc6 18. Rad1 Qc7 19. Nd6 Nd7 20. Nb5 Qc8 21. Nd6 Qc7 22. Nb5 Qc8 23. Nd6 Qb8 24. Nxf7 Rxf7 25. Rxd7 Kh8 26. Bh3 Qc8 27. Bxe6 Bf5 28. Rxe7 Bxe6 29. Rxf7 Bxf7 30. e6 Bh5 31. Qe3 Qc7 32. Qxh6+ Kg8 33. Qxh5 Rf8 34. Ng5 Rf5 1-0


[Site "https://www.chess.com"]

[Event "Titled Tuesday Blitz May 2 Early 2023"]
[White "Swiercz, Dariusz"]
[Black "Suder, Jakub"]
[WhiteFideId "1126881"]
[BlackFideId "1195310"]
[WhiteElo "2620"]
[BlackElo "2287"]
[Result "1/2-1/2"]
[Round "02"]
[TimeControl "180+2"]
[Date "2023.05.02"]
[WhiteClock "0:00:00"]
[BlackClock "0:00:00"]

1. e4 c5 2. Nf3 e6 3. g3 Nc6 4. Bg2 Nf6 5. d3 d5 6. Nbd2 Be7 7. O-O b6 8. Re1 Bb7 9. c3 Qc7 10. a3 h6 11. Qe2 dxe4 12. dxe4 Rd8 13. e5 Nd7 14. a4 Ndb8 15. Nc4 Ba6 16. Qe4 Bb7 17. Qc2 Ba6 18. Nfd2 Nd7 19. Qe4 Bb7 20. Qe3 Bg5 21. f4 Be7 22. Ne4 O-O 23. Ned6 Ba8 24. Qe2 Bxd6 25. Nxd6 Na5 26. Bxa8 Rxa8 27. Be3 Rad8 28. Rad1 Nb7 29. Qf3 Nxd6 30. Rxd6 Nb8 31. Red1 Rxd6 32. Rxd6 Rd8 33. Rxd8+ Qxd8 34. Qb7 Qd1+ 35. Kf2 Nd7 36. Qxa7 Qc2+ 37. Kf3 Qd1+ 38. Kf2 Qc2+ 39. Kf3 Qd1+ 40. Kf2 1/2-1/2


[Site "https://www.chess.com"]

[Event "Titled Tuesday Blitz May 2 Early 2023"]
[White "Popilski, Gil"]
[Black "Ibarra Jerez, Jose Carlos"]
[WhiteFideId "2809060"]
[BlackFideId "2226332"]
[WhiteElo "2537"]
[BlackElo "2638"]
[Result "1-0"]
[Round "02"]
[TimeControl "180+2"]
[Date "2023.05.02"]
[WhiteClock "0:00:12"]
[BlackClock "0:00:17"]

1. e4 c5 2. Nf3 Nc6 3. Bb5 e6 4. O-O Nge7 5. d4 cxd4 6. Nxd4 Ng6 7. a4 Be7 8. Be3 O-O 9. Qh5 Qc7 10. Nf3 a6 11. Bd3 Nf4 12. Qg4 Nxd3 13. cxd3 f5 14. Qh5 Ne5 15. Nxe5 Qxe5 16. Nc3 g6 17. Qe2 f4 18. Bb6 f3 19. Qe3 Qh5 20. Kh1 Bg5 21. Qc5 fxg2+ 22. Kxg2 Qf3+ 23. Kg1 Rf4 24. Qxg5 Rg4+ 25. Qxg4 Qxg4+ 26. Kh1 Qf3+ 27. Kg1 d6 28. e5 Bd7 29. Ne4 Bc6 30. exd6 Qxd3 31. Nf6+ Kf7 32. Ng4 Qxd6 33. Rad1 Qf4 34. Rd4 Qg5 35. h4 Qe7 36. Rf4+ Kg8 37. Bd4 e5 38. Bxe5 Rf8 39. Nh6# 1-0


[Site "https://www.chess.com"]

[Event "Titled Tuesday Blitz May 2 Early 2023"]
[White "Martinez Reyes, Pedro Ramon"]
[Black "Gupta, Abhijeet"]
[WhiteFideId "3901807"]
[BlackFideId "5010608"]
[WhiteElo "2340"]
[BlackElo "2528"]
[Result "0-1"]
[Round "02"]
[TimeControl "180+2"]
[Date "2023.05.02"]
[WhiteClock "0:00:00"]
[BlackClock "0:00:01"]

1. d4 Nf6 2. c4 Nc6 3. Nf3 e6 4. a3 g6 5. Nc3 Bg7 6. e4 d6 7. Be2 O-O 8. O-O Re8 9. h3 e5 10. d5 Nd4 11. Bd3 Nxf3+ 12. Qxf3 a5 13. Bg5 h6 14. Be3 a4 15. Bc2 Bd7 16. Qd1 b6 17. f3 Nh5 18. Bxa4 Bxa4 19. Nxa4 f5 20. Nc3 Kh7 21. exf5 gxf5 22. Qc2 Rf8 23. Bf2 Qg5 24. Kh1 Kh8 25. Rg1 e4 26. h4 Ng3+ 27. Bxg3 Qxg3 28. Rgf1 0-1


[Site "https://www.chess.com"]

[Event "Titled Tuesday Blitz May 2 Early 2023"]
[White "Van Foreest, Jorden"]
[Black "Pajeken, Jakob Leon"]
[WhiteFideId "1039784"]
[BlackFideId "12942839"]
[WhiteElo "2633"]
[BlackElo "2414"]
[Result "1-0"]
[Round "02"]
[TimeControl "180+2"]
[Date "2023.05.02"]
[WhiteClock "0:01:26"]
[BlackClock "0:00:32"]

1. e4 e5 2. Nf3 Nc6 3. Bb5 a6 4. Ba4 Nf6 5. d3 b5 6. Bb3 Be7 7. a4 b4 8. O-O O-O 9. a5 d6 10. Nbd2 Rb8 11. Re1 h6 12. h3 Be6 13. Bxe6 fxe6 14. c3 bxc3 15. bxc3 Qe8 16. d4 Qh5 17. Qa4 Rb5 18. Qc4 Nd8 19. Qxc7 Rb7 20. Qc4 d5 21. Qxa6 dxe4 22. Nxe5 Rc7 23. Qe2 Qxe2 24. Rxe2 Rxc3 25. a6 Nc6 26. Bb2 Nxd4 27. Ree1 Rc2 28. Bxd4 Rxd2 29. Be3 Rdd8 30. Nc6 Rd7 31. Nxe7+ Rxe7 32. Bc5 Kf7 33. Bxe7 Kxe7 34. a7 Ra8 35. Reb1 Nd7 36. Rb7 1-0


[Site "https://www.chess.com"]

[Event "Titled Tuesday Blitz May 2 Early 2023"]
[White "Soham Kamotra"]
[Black "Daneshvar, Bardiya"]
[WhiteFideId "46647490"]
[BlackFideId "12576468"]
[WhiteElo "2209"]
[BlackElo "2468"]
[Result "1-0"]
[Round "02"]
[TimeControl "180+2"]
[Date "2023.05.02"]
[WhiteClock "0:00:58"]
[BlackClock "0:01:54"]

1. d4 Nf6 2. Nf3 e6 3. Bf4 Bd6 4. Bg3 Bxg3 5. hxg3 d5 6. Nbd2 b6 7. e3 Bb7 8. Bb5+ Nbd7 9. Ne5 a6 10. Bc6 Bxc6 11. Nxc6 Qc8 12. c4 Qb7 13. cxd5 Nxd5 14. Rc1 Ne7 15. Nxe7 Kxe7 16. Qg4 Qxg2 17. Ke2 h6 18. Nf3 Nf6 19. Qf4 Nd5 20. Rxc7+ Nxc7 21. Qxc7+ 1-0


[Site "https://www.chess.com"]

[Event "Titled Tuesday Blitz May 2 Early 2023"]
[White "Akhmetov, Ayan"]
[Black "Henriquez Villagra, Cristobal"]
[WhiteFideId "13703706"]
[BlackFideId "3409350"]
[WhiteElo "2398"]
[BlackElo "2542"]
[Result "0-1"]
[Round "02"]
[TimeControl "180+2"]
[Date "2023.05.02"]
[WhiteClock "0:00:00"]
[BlackClock "0:00:00"]

1. Nf3 d5 2. g3 Nc6 3. d4 Bf5 4. c4 e6 5. Bg2 Nf6 6. O-O Be7 7. Nc3 O-O 8. Nh4 Be4 9. Nxe4 Nxe4 10. Nf3 f5 11. b3 g5 12. Bb2 g4 13. cxd5 exd5 14. Ne5 Nxe5 15. dxe5 c6 16. Bd4 Qd7 17. f3 Ng5 18. f4 Ne6 19. a3 Rfd8 20. b4 a5 21. Qd2 axb4 22. axb4 Qe8 23. Bb6 Rxa1 24. Rxa1 Ra8 25. Ra5 Rxa5 26. bxa5 Qf8 27. e3 Bc5 28. Bxd5 cxd5 29. Qxd5 Kf7 30. Qxb7+ Qe7 31. a6 Bxb6 32. Qxb6 Qd7 33. Qb7 Nc7 34. Qb3+ Ke7 35. a7 Qc6 36. Qa3+ Kd7 37. Qd3+ Kc8 38. Qxf5+ Kb7 39. Qxg4 Kxa7 40. Qe2 Nd5 41. e4 Qc5+ 42. Qf2 Ne3 43. Qa2+ Kb6 44. Qe2 Qd4 45. Qf3 Kc5 46. h4 h5 47. Kh2 Ng4+ 48. Kh3 Qb2 49. Qg2 Nf2+ 50. Kh2 Qe2 51. e6 Kd6 52. f5 Ng4+ 53. Kh3 Qd1 0-1


[Site "https://www.chess.com"]

[Event "Titled Tuesday Blitz May 2 Early 2023"]
[White "Sjugirov, Sanan"]
[Black "Sellitti, Federico"]
[WhiteFideId "4189302"]
[BlackFideId "821829"]
[WhiteElo "2569"]
[BlackElo "2176"]
[Result "1-0"]
[Round "02"]
[TimeControl "180+2"]
[Date "2023.05.02"]
[WhiteClock "0:00:59"]
[BlackClock "0:00:01"]

1. d4 d5 2. c4 Nc6 3. cxd5 Qxd5 4. e3 e5 5. Nc3 Bb4 6. a3 Bxc3+ 7. bxc3 Nf6 8. c4 Qd6 9. d5 Ne7 10. a4 Bg4 11. f3 Bh5 12. Ba3 Qd7 13. Ne2 e4 14. Nf4 exf3 15. Nxh5 Nxh5 16. Qxf3 Qf5 17. Qxf5 Nxf5 18. g4 Nxe3 19. gxh5 Nc2+ 20. Kd2 Nxa1 21. Kc3 O-O-O 22. Bh3+ Kb8 23. Rxa1 Rhe8 24. Kd3 Re5 25. Bg4 Rde8 26. Bc5 f5 27. Bf3 g5 28. hxg6 hxg6 29. Rg1 f4 30. Kd2 g5 31. Bd4 Rf5 32. Bg4 Rff8 33. Be6 f3 34. Bf2 Rf4 35. Kd3 g4 36. Rxg4 Rxg4 37. Bxg4 Re2 38. Bg3 Ra2 39. Bxf3 Rxa4 40. h4 1-0


[Site "https://www.chess.com"]

[Event "Titled Tuesday Blitz May 2 Early 2023"]
[White "Yaniuk, Volodymyr"]
[Black "Grigoriants, Sergey"]
[WhiteFideId "14133083"]
[BlackFideId "4130804"]
[WhiteElo "2141"]
[BlackElo "2502"]
[Result "0-1"]
[Round "02"]
[TimeControl "180+2"]
[Date "2023.05.02"]
[WhiteClock "0:00:07"]
[BlackClock "0:00:21"]

1. d4 Nf6 2. c4 g6 3. Nc3 Bg7 4. e4 d6 5. Nf3 O-O 6. Be2 e5 7. O-O Na6 8. Be3 Qe8 9. d5 Ng4 10. Bg5 h6 11. Bc1 f5 12. Ne1 Nf6 13. f3 Nc5 14. Nd3 fxe4 15. Nxc5 exf3 16. Bxf3 dxc5 17. Ne4 Qe7 18. Be3 Nxe4 19. Bxe4 Bf5 20. Qd3 Bxe4 21. Qxe4 Kh7 22. a3 b6 23. h4 h5 24. Bg5 Qd7 25. Rae1 Rf5 26. d6 Raf8 27. dxc7 Qxc7 28. Rxf5 gxf5 29. Qf3 Qf7 30. Rd1 e4 31. Qe2 Bd4+ 32. Kh1 Kg6 33. g3 Qe6 34. Rf1 Rf7 35. Bf4 Rd7 36. b4 Bf6 37. bxc5 bxc5 38. Rb1 Rd3 39. Rc1 Be5 40. Rf1 Qd6 41. Bxe5 Qxe5 42. Rf4 Rxg3 43. Qf2 Rg4 44. Rxg4+ hxg4 45. Qd2 Qf6 46. Qd5 Qxh4+ 47. Kg1 Qe1+ 48. Kg2 Qe2+ 49. Kg3 Qd3+ 50. Kf4 Qxd5 51. cxd5 Kf6 52. d6 Ke6 53. d7 Kxd7 54. Kxf5 e3 55. Ke4 e2 56. Kd3 e1=Q 57. Kc4 g3 58. Kb5 g2 59. Ka6 g1=Q 60. a4 Qb4 61. a5 Qgb1 62. Kxa7 Qxa5# 0-1


[Site "https://www.chess.com"]

[Event "Titled Tuesday Blitz May 2 Early 2023"]
[White "Chigaev, Maksim"]
[Black "Ezat, Mohamed"]
[WhiteFideId "4108116"]
[BlackFideId "10600906"]
[WhiteElo "2547"]
[BlackElo "2386"]
[Result "1-0"]
[Round "02"]
[TimeControl "180+2"]
[Date "2023.05.02"]
[WhiteClock "0:00:00"]
[BlackClock "0:00:00"]

1. d4 Nf6 2. Bg5 d5 3. e3 Ne4 4. h4 c5 5. Nd2 Nxg5 6. hxg5 g6 7. c3 Qb6 8. Qb3 Nc6 9. Ngf3 Bg7 10. Be2 O-O 11. O-O Rd8 12. Qa3 Bg4 13. Qxc5 Qxc5 14. dxc5 a5 15. a4 e5 16. Rfd1 Bf8 17. Nb3 Be7 18. Kf1 e4 19. Nfd4 Bxe2+ 20. Kxe2 Ne5 21. Nb5 Rac8 22. Nxa5 Rd7 23. b4 Bd8 24. Nb3 Bxg5 25. Nd6 Rcd8 26. Rxd5 Bf6 27. Nxe4 Bg7 28. Rxd7 Rxd7 29. Rd1 Rxd1 30. Kxd1 f5 31. Nd6 Nd3 32. Kc2 Nxf2 33. Nxb7 Ng4 34. a5 Nxe3+ 35. Kd3 Nd5 36. Nd4 Nc7 37. c6 f4 38. Nc5 g5 39. a6 h5 40. a7 h4 41. Nce6 Na8 42. Nxg5 Be5 43. c4 Bc7 44. c5 Kg7 45. b5 Kf6 46. Ngf3 Ke7 47. b6 Bxb6 48. cxb6 Nxb6 49. Ke4 Kd6 50. Kxf4 Kd5 51. Kg4 Na8 52. Kxh4 Nc7 53. g4 Na8 54. g5 Ke4 55. g6 Kf4 56. g7 Nc7 57. g8=Q Ne6 58. Qg4+ Ke3 59. Qxe6+ Kf2 60. Qe2# 1-0


[Site "https://www.chess.com"]

[Event "Titled Tuesday Blitz May 2 Early 2023"]
[White "Demchenko, Anton"]
[Black "Gontcharov, Vladislav"]
[WhiteFideId "4160258"]
[BlackFideId "4123492"]
[WhiteElo "2545"]
[BlackElo "2420"]
[Result "1/2-1/2"]
[Round "02"]
[TimeControl "180+2"]
[Date "2023.05.02"]
[WhiteClock "0:00:04"]
[BlackClock "0:00:05"]

1. e4 e6 2. d4 d5 3. Nc3 Bb4 4. e5 c5 5. a3 Bxc3+ 6. bxc3 Ne7 7. Nf3 Qa5 8. Qd2 Bd7 9. a4 cxd4 10. cxd4 Qxd2+ 11. Bxd2 Nbc6 12. Bd3 h6 13. h4 Nf5 14. Bc3 Rc8 15. Kd2 h5 16. Rhb1 Rc7 17. g3 O-O 18. a5 f6 19. Bxf5 fxe5 20. Nxe5 Nxe5 21. dxe5 Rxf5 22. f4 Rf8 23. Bd4 Rfc8 24. c3 a6 25. Rb6 Bc6 26. Rg1 Rf7 27. Ke3 Kh7 28. g4 hxg4 29. Rxg4 g6 30. Rb1 Rf5 31. Rbg1 Be8 32. Rg5 Rc4 33. Rb1 Bc6 34. Rxf5 gxf5 35. Ra1 Be8 36. Ra2 Rc8 37. Rg2 Rc4 38. Rb2 Bc6 39. Ra2 Be8 40. Kf3 Rc7 41. Kg3 Rg7+ 42. Kf2 Rg4 43. Ke3 Rxh4 44. Rg2 Rh3+ 45. Kf2 Bb5 46. Rg3 Rh2+ 47. Ke3 Re2+ 48. Kf3 Re1 49. Rh3+ Kg7 50. Rg3+ Kf7 51. Rh3 Bc6 52. Rh7+ Kg6 53. Rh8 Kg7 54. Rh2 Ra1 55. Rg2+ Kf7 56. Rh2 Rxa5 57. Rh6 Ra2 58. Rf6+ Ke7 59. Ke3 Rc2 60. Kd3 Rc1 61. Bc5+ Kd7 62. Rf7+ Kd8 63. Bb6+ Ke8 64. Rf6 Kd7 65. Rf7+ Ke8 66. Rf6 Ke7 67. Bc5+ Kd7 68. Rf7+ Kd8 69. Rf8+ Kd7 70. Rf7+ 1/2-1/2


[Site "https://www.chess.com"]

[Event "Titled Tuesday Blitz May 2 Early 2023"]
[White "Janaszak, Dawid"]
[Black "Lenderman, Aleksandr"]
[WhiteFideId "1119206"]
[BlackFideId "2021285"]
[WhiteElo "2220"]
[BlackElo "2607"]
[Result "0-1"]
[Round "02"]
[TimeControl "180+2"]
[Date "2023.05.02"]
[WhiteClock "0:00:10"]
[BlackClock "0:01:46"]

1. e4 c6 2. d4 d5 3. exd5 cxd5 4. Bd3 Nc6 5. c3 Qc7 6. Ne2 Bg4 7. O-O e6 8. Qe1 Bd6 9. f3 Bh5 10. Qh4 Bg6 11. Bxg6 fxg6 12. Bf4 Nge7 13. Na3 a6 14. Bxd6 Qxd6 15. Qg3 Nf5 16. Qxd6 Nxd6 17. Nf4 Kf7 18. Rfe1 Rhe8 19. Re2 g5 20. Nd3 Re7 21. Rae1 Rae8 22. Nc2 h6 23. Nc5 Nc4 24. Ne3 Nxe3 25. Rxe3 e5 26. dxe5 Nxe5 27. Kf1 a5 28. a4 b6 29. Nb7 Nc4 30. Rxe7+ Rxe7 31. Rxe7+ Kxe7 32. b4 d4 33. Ke2 dxc3 34. bxa5 c2 35. a6 c1=Q 0-1


[Site "https://www.chess.com"]

[Event "Titled Tuesday Blitz May 2 Early 2023"]
[White "Ter-Sahakyan, Samvel"]
[Black "Berezin, Viktor"]
[WhiteFideId "13302531"]
[BlackFideId "14107872"]
[WhiteElo "2566"]
[BlackElo "2310"]
[Result "1-0"]
[Round "02"]
[TimeControl "180+2"]
[Date "2023.05.02"]
[WhiteClock "0:00:01"]
[BlackClock "0:00:00"]

1. d4 Nf6 2. Nc3 g6 3. e4 d6 4. Nf3 Bg7 5. Be3 O-O 6. Qd2 c6 7. Bh6 b5 8. Bd3 Nbd7 9. h4 e5 10. Bxg7 Kxg7 11. h5 Nxh5 12. O-O-O b4 13. Ne2 exd4 14. g4 Ne5 15. Nxe5 dxe5 16. gxh5 Qe7 17. hxg6 fxg6 18. Rdg1 Rf6 19. f4 Be6 20. fxe5 Rf2 21. Qh6+ Kh8 22. Nf4 Rg8 23. Nxe6 1-0


[Site "https://www.chess.com"]

[Event "Titled Tuesday Blitz May 2 Early 2023"]
[White "Suleymanli, Aydin"]
[Black "Zaitsev, Alexander"]
[WhiteFideId "13413937"]
[BlackFideId "4164490"]
[WhiteElo "2559"]
[BlackElo "2373"]
[Result "1-0"]
[Round "02"]
[TimeControl "180+2"]
[Date "2023.05.02"]
[WhiteClock "0:00:24"]
[BlackClock "0:00:03"]

1. e4 d6 2. d4 Nf6 3. Nc3 c6 4. a4 Nbd7 5. Nf3 e5 6. Bc4 Be7 7. O-O O-O 8. Re1 a5 9. h3 Nb6 10. Bb3 Nfd7 11. Be3 exd4 12. Bxd4 Nc5 13. Bxc5 dxc5 14. Qe2 c4 15. Bxc4 Nxc4 16. Qxc4 Be6 17. Qd4 Bb4 18. Qxd8 Rfxd8 19. Re3 h6 20. g4 Bc5 21. Ree1 Bb4 22. Kg2 Rd7 23. Red1 Rxd1 24. Rxd1 Bxc3 25. bxc3 b5 26. Nd4 bxa4 27. Nxe6 fxe6 28. Ra1 Kf7 29. e5 Ke7 30. Rxa4 c5 31. f4 1-0


[Site "https://www.chess.com"]